 Dungeon Crawl Stone Soup version 0.24.1-14-gf8d2b509d9 (webtiles) character file.

Game seed: 13218995428696529616, levelgen mode: deterministic

7748 Descartes the Protected (level 11, -2/81 HPs)
             Began as a Formicid Fighter on May 17, 2020.
             Was an Initiate of Gozag.
             Slain by Snorg (9 damage)
             ... on level 10 of the Dungeon.
             The game lasted 00:27:17 (10248 turns).

Descartes the Protected (Formicid Fighter)         Turns: 10248, Time: 00:27:21

Health: -2/81      AC: 10    Str: 21    XL:     11   Next: 43%
Magic:  20/20      EV: 10    Int: 18    God:    Gozag
Gold:   1145       SH: 15    Dex: 10    Spells: 15/22 levels left

rFire    + . .     SeeInvis +   H - +9 quarterstaff "Descartes's Death" {drain, Int+7}
rCold    . . .     Gourm    .   c - +0 shield
rNeg     . . .     Faith    .   y - +0 scale mail {rF+}
rPois    .         Spirit   .   (helmet unavailable)
rElec    .         Reflect  +   (no cloak)
rCorr    +         Harm     .   (no gloves)
MR       ++...                  j - +0 pair of boots
Stlth    ..........             t - +4 amulet of reflection
HPRegen  0.23/turn              q - ring of resist corrosion
MPRegen  0.17/turn              b - ring of protection from magic

@: no status effects
A: permanent stasis, dig shafts and tunnels, four strong arms, antennae 3
a: Dig, Shaft Self, Potion Petition, Call Merchant, Bribe Branch, Renounce
Religion


You were on level 10 of the Dungeon.
You worshipped Gozag.
Gozag was most pleased with you.
You were hungry.

You visited 2 branches of the dungeon, and saw 11 of its levels.

You collected 1497 gold pieces.
You spent 252 gold pieces at shops.
You paid 100 gold pieces to Gozag.

Inventory:

Hand Weapons
 m - a +4 vampiric short sword
 o - a +0 falchion of electrocution
 G - a +1 trident of flaming
 H - the +9 quarterstaff "Descartes's Death" (weapon) {drain, Int+7}
   (You found it on level 5 of the Dungeon)

   A truly terrible weapon, it drains the life of those it strikes.
   It affects your intelligence (+7).
Missiles
 g - 309 stones
 i - 8 boomerangs
 p - 2 throwing nets
 A - 35 poisoned darts (quivered)
 C - 119 arrows
 K - 18 bolts
 P - 3 silver boomerangs
Armour
 c - a +0 shield (worn)
 j - a +0 pair of boots (worn)
 y - a +0 scale mail of fire resistance (worn)
 S - the +1 leather armour "Sofraxuc" {+Inv rElec rF- SInv}
   (You took it off a wight on level 10 of the Dungeon)

   It makes you vulnerable to fire.
   It insulates you from electricity.
   It lets you see invisible.
   It lets you turn invisible.
Jewellery
 b - a ring of protection from magic (right hand)
 q - a ring of resist corrosion (left hand)
 t - a +4 amulet of reflection (around neck)
Wands
 F - a wand of disintegration (3)
 I - a wand of iceblast (3)
 M - a wand of scattershot (4)
Scrolls
 e - 2 scrolls of fear
 h - a scroll of amnesia {unknown}
 r - 5 scrolls of teleportation
 v - a scroll of random uselessness {unknown}
 w - 2 scrolls of noise {unknown}
 x - 7 scrolls of remove curse
 B - a scroll of enchant weapon {unknown}
 D - 2 scrolls of fog
 E - 2 scrolls of magic mapping {unknown}
 L - a scroll of immolation {unknown}
 O - a scroll of enchant armour {unknown}
 R - a scroll of silence {unknown}
Potions
 a - a potion of invisibility
 d - a potion of magic
 k - 4 potions of heal wounds
 l - 2 potions of ambrosia
 n - 2 potions of lignification
 s - 2 potions of cancellation
 u - 3 potions of agility
 z - 7 potions of curing
 J - a potion of berserk rage
Comestibles
 f - 7 rations


   Skills:
 - Level 6.0 Fighting
 - Level 2.0 Long Blades
 + Level 10.4 Armour
 - Level 9.0 Shields
 - Level 6.1 Spellcasting
 - Level 5.1 Charms
 - Level 5.1 Necromancy
 - Level 5.3 Air Magic


You had 15 spell levels left.
You knew the following spells:

 Your Spells              Type           Power        Failure   Level  Hunger
a - Summon Lightning Spi  Summ/Air       ###.....     65%         4    ####...
b - Regeneration          Chrm/Necr      ###.......   10%         3    ##.....

Your spell library contained the following spells:

 Spells                   Type           Power        Failure   Level  Hunger
 Animate Skeleton         Necr           N/A          3%          1    None
 Pain                     Necr           ###.         3%          1    None
 Vampiric Draining        Necr           ###.......   10%         3    ##.....
 Summon Small Mammal      Summ           #...         26%         1    None
 Animate Dead             Necr           N/A          32%         4    ####...
 Call Imp                 Summ           #.......     38%         2    None
 Call Canine Familiar     Summ           #.......     63%         3    ##.....
 Summon Guardian Golem    Hex/Summ       #.......     63%         3    ##.....
 Summon Ice Beast         Ice/Summ       #.......     95%         4    ####...


Dungeon Overview and Level Annotations

Branches:
Dungeon (10/15)            Temple (1/1) D:6            Lair (0/6) D:10
    Orc: D:9-12

Altars:
Ashenzari
Dithmenos
Elyvilon
Fedhas
Gozag
Kikubaaqudgha
Makhleb
Qazlal
Ru
Sif Muna
Trog
Uskayaw
Vehumet
Xom
Yredelemnul
Zin
The Shining One
Jiyva

Shops:
D:4 }   D:9 !   D:10 :

Annotations:
D:10 Erica, Snorg


Innate Abilities, Weirdness & Mutations

You cannot be hasted, slowed, berserked, paralysed or teleported.
You can dig through walls and to a lower floor.
Your four strong arms can wield two-handed weapons with a shield.
You have a pair of large antennae on your head. (SInv)


Message History

You barely miss Snorg.
Snorg is heavily wounded.
Snorg goes berserk!
Snorg bites you!!
* * * LOW HITPOINT WARNING * * *
Snorg claws you!
* * * LOW HITPOINT WARNING * * *
You block Snorg's attack.
You extend your mandibles.
You dig through the rock wall.
You hear a shout!
You dig through the rock wall.
Snorg closely misses you. You block Snorg's attack. Snorg claws you!
* * * LOW HITPOINT WARNING * * *
You feel much better. Snorg bites you but does no damage. Snorg claws you!
* * * LOW HITPOINT WARNING * * *
Snorg claws you.
* * * LOW HITPOINT WARNING * * *
Snorg bites you!
You die...
Your body crumbles into a pile of gold.

.......# #...###
#.....# .P
#...#.## ###.
#...#..# ...
#..{##.# ##..
#########.####...
##T#.#.#.#........
#@#{#{#.#.###.....
########### #.....
#..... ######
#...<. #....#
#..$.. #....##
##....
#.....###.....
##.............
#.....#..#....$


You could see Snorg (berserk).

Vanquished Creatures
  2 two-headed ogres (D:9)
  2 unseen horrors
  Pikel (D:8)
  A troll (D:10)
  A hippogriff (D:9)
  5 yaks (D:10)
  A sky beast (D:9)
  4 slaves (D:7)
  A phantom (D:7)
  2 necrophages (D:10)
  5 ogres
  3 wolves
  3 centaurs
  2 crocodiles
  A wyvern zombie (D:10)
  A bullfrog (D:7)
  A gnoll sergeant (D:8)
  A wyvern skeleton (D:6)
  3 scorpions
  4 wights (D:10)
  2 electric eels (D:10)
  2 bullfrog zombies
  4 howler monkeys
  5 crimson imps
  2 centaur zombies
  3 quasits
  8 hounds
  7 orc priests
  3 iguanas
  Ijyb (D:4)
  10 orc wizards
  5 worker ants
  A hound skeleton (D:9)
  A mummy (D:10)
  2 worker ant zombies
  Robin (D:3)
  7 gnolls
  A howler monkey skeleton (D:7)
  11 adders
  3 shadow imps
  3 oozes
  An adder skeleton (D:4)
  2 worms
  4 dart slugs
  9 leopard geckos
  51 orcs
  2 ball pythons
  4 giant cockroaches
  14 goblins
  8 hobgoblins
  16 jackals
  6 kobolds
  A quokka (Temple)
  3 bats
  6 frilled lizards
  A leopard gecko zombie (D:6)
  3 rats
257 creatures vanquished.

Vanquished Creatures (others)
  3 orcs (D:8)
3 creatures vanquished.

Grand Total: 260 creatures vanquished

Notes
Turn   | Place    | Note
-------+----------+-------------------------------------------
     0 | D:1      | Descartes the Formicid Fighter began the quest for the Orb.
     0 | D:1      | Reached XP level 1. HP: 18/18 MP: 1/1
   156 | D:1      | Reached XP level 2. HP: 19/24 MP: 2/2
   773 | D:2      | Reached XP level 3. HP: 26/29 MP: 4/4
  1130 | D:2      | Reached skill level 1 in Spellcasting
  1489 | D:2      | Reached XP level 4. HP: 37/37 MP: 5/5
  2207 | D:2      | Reached skill level 4 in Armour
  2207 | D:2      | Reached skill level 5 in Shields
  2207 | D:2      | Reached XP level 5. HP: 33/42 MP: 7/7
  2351 | D:3      | Noticed Robin
  2635 | D:3      | Killed Robin
  2872 | D:3      | Found a blossoming altar of Fedhas.
  2960 | D:4      | Reached XP level 6. HP: 43/48 MP: 9/9
  3020 | D:4      | Noticed an ogre
  3064 | D:4      | Killed an ogre
  3064 | D:4      | Reached XP level 7. HP: 52/55 MP: 9/11
  3530 | D:4      | Found Unkuceck's Gadget Emporium.
  3557 | D:4      | Reached skill level 5 in Armour
  3798 | D:4      | Reached skill level 5 in Fighting
  4190 | D:4      | Noticed Ijyb
  4209 | D:4      | Killed Ijyb
  4365 | D:5      | Entered Level 5 of the Dungeon
  4383 | D:5      | Found an opulent altar of Gozag.
  4387 | D:5      | Found a shadowy altar of Dithmenos.
  4388 | D:5      | Found a radiant altar of Vehumet.
  4392 | D:5      | Became a worshipper of Gozag Ym Sagoz the Greedy
  4460 | D:5      | HP: 2/56 [orc priest/divine providence (13)]
  4462 | D:5      | Reached XP level 8. HP: 1/62 MP: 13/13
  5307 | D:5      | Learned a level 4 spell: Summon Lightning Spire
  5354 | D:5      | Got an ichor-stained quarterstaff
  5355 | D:5      | Identified the +9 quarterstaff "Descartes's Death" {drain,
                  | Int+7} (You found it on level 5 of the Dungeon)
  5654 | D:6      | Found a staircase to the Ecumenical Temple.
  5665 | Temple   | Entered the Ecumenical Temple
  5878 | D:6      | Learned a level 3 spell: Regeneration
  5894 | D:6      | Found a shimmering altar of Xom.
  5932 | D:6      | Reached skill level 1 in Air Magic
  6100 | D:6      | Found a stormy altar of Qazlal.
  6160 | D:6      | Found a hide-covered altar of Uskayaw.
  6363 | D:7      | Reached skill level 1 in Charms
  6363 | D:7      | Reached XP level 9. HP: 69/69 MP: 15/15
  6377 | D:7      | Reached skill level 1 in Necromancy
  6380 | D:7      | Reached skill level 6 in Armour
  7116 | D:8      | Noticed Pikel
  7362 | D:8      | Killed Pikel
  7362 | D:8      | Reached skill level 5 in Spellcasting
  7539 | D:8      | Found an ancient bone altar of Kikubaaqudgha.
  7560 | D:8      | Reached skill level 7 in Armour
  7560 | D:8      | Reached XP level 10. HP: 59/76 MP: 16/18
  7667 | D:8      | Found a basalt altar of Yredelemnul.
  7722 | D:8      | Noticed an unseen horror
  7740 | D:8      | Killed an unseen horror
  7784 | D:8      | Found a shimmering altar of Xom.
  7808 | D:8      | Found a white marble altar of Elyvilon.
  7956 | D:8      | Found a glowing silver altar of Zin.
  8050 | D:9      | Found Cam Ent's Distillery.
  8068 | D:9      | Noticed a two-headed ogre
  8073 | D:9      | Killed a two-headed ogre
  8077 | D:9      | Bought a potion of invisibility for 96 gold pieces
  8077 | D:9      | Bought a potion of curing for 36 gold pieces
  8077 | D:9      | Bought 2 potions of heal wounds for 120 gold pieces
  8604 | D:9      | Reached skill level 8 in Armour
  8619 | D:9      | Noticed a two-headed ogre
  8628 | D:9      | Killed a two-headed ogre
  8628 | D:9      | Reached skill level 5 in Charms
  8628 | D:9      | Reached skill level 5 in Necromancy
  9475 | D:10     | Entered Level 10 of the Dungeon
  9547 | D:10     | Reached XP level 11. HP: 60/81 MP: 20/20
  9557 | D:10     | Found Wuops's Book Shoppe.
  9650 | D:10     | Noticed an unseen horror
  9662 | D:10     | Killed an unseen horror
  9662 | D:10     | Reached skill level 9 in Armour
  9662 | D:10     | Reached skill level 5 in Air Magic
  9696 | D:10     | Identified the +1 leather armour "Sofraxuc" {+Inv rElec rF-
                  | SInv}
 10099 | D:10     | Found a glowing golden altar of the Shining One.
 10146 | D:10     | Found a staircase to the Lair.
 10170 | D:10     | Reached skill level 10 in Armour
 10228 | D:10     | Noticed Erica
 10228 | D:10     | Noticed Snorg
 10247 | D:10     | HP: 2/80 [Snorg (13)]
 10248 | D:10     | Slain by Snorg

Levels and vault maps discovered:
D:1:      zaba_arrival_water, layout_basic, hangedman_decor_peaks_small,
          kennysheep_another_room
D:2:      layout_loops_corners, first_ration
D:3:      layout_rooms, fedhas_altar_1, minmay_ruptured, uniq_robin
D:4:      layout_cave_pools, serial_shops, shop, chequers_serial_rivers_micro_b,
          uniq_ijyb
D:5:      layout_basic, grunt_temple_overflow_open
D:6:      layout_rooms, lemuel_doored_altar, grunt_qazlal_sundering,
          minmay_temple_entry_drinking_statues, basic_altar
D:7:      layout_basic
D:8:      layout_basic, kennysheep_ying_yang, zin_scriptorium,
          kiku_gazebo_pond_becter, lemuel_crystal_altar, uniq_pikel
D:9:      layout_basic, serial_shops, shop_fountains
D:10:     layout_rooms, erik_lair_island, serial_shops, shop, serial_undead,
          serial_undead_f, serial_undead_b, serial_undead_e, serial_undead_b,
          nicolae_tso_swordbearing_angel, uniq_erica, uniq_snorg
Temple:   pf_slime_end_temple

Skill      XL: |  1  2  3  4  5  6  7  8  9 10 11 |
---------------+----------------------------------+-----
Shields        | 4 5 6 7 8 9 |  9.0
Spellcasting   | 1 2 3 4 5 6 |  6.1
Fighting       | 4 5 6 |  6.0
Armour         | 4 5 7 8 10 | 10.4
Air Magic      | 1 2 4 5 |  5.3
Charms         | 1 3 5 |  5.1
Necromancy     | 3 5 |  5.1
Long Blades    | |  2.0

Action                   |  1- 3 |  4- 6 |  7- 9 | 10-12 || total
-------------------------+-------+-------+-------+-------++-------
Melee: Long sword        |    75 |       |       |       ||    75
       Falchion          |    21 |   235 |   188 |       ||   444
       Quarterstaff      |       |       |   165 |   202 ||   367
 Abil: Dig               |       |     1 |     3 |     6 ||    10
Evoke: Wand              |       |       |       |     3 ||     3
  Use: Potion            |       |       |     1 |     1 ||     2
       Scroll            |       |       |     9 |     5 ||    14
 Stab: Distracted        |       |       |     2 |       ||     2
  Eat: Chunk             |     2 |     5 |     2 |       ||     9
       Ration            |       |       |     4 |     3 ||     7
Armor: Plate armour      |    56 |    49 |       |       ||   105
       Scale mail        |     4 |    72 |   107 |    79 ||   262
Dodge: Dodged            |    21 |    79 |   123 |    66 ||   289
Block: Shield            |    62 |   158 |   225 |   168 ||   613
       Reflection        |       |       |     4 |     3 ||     7
       Rpst.: Long sword |     3 |       |       |       ||     3
       Falchion          |     2 |    26 |    22 |       ||    50
